 Dungeon Crawl Stone Soup version 0.26-a0-812-g31a745ddcd (webtiles) character file.

Game seed: 5759734447278595438

595 Azzok the Chopper (level 7, -1/52 HPs)
             Began as a Demonspawn Berserker on Nov 16, 2020.
             Was a Priest of Trog.
             Killed by nerve-wracking pain
             ... invoked by Grinder
              (14 damage)
             ... on level 4 of the Dungeon.
             The game lasted 00:04:39 (4244 turns).

Azzok the Chopper (Demonspawn Berserker)            Turns: 4244, Time: 00:04:40

Health: -1/52      AC: 11    Str: 22    XL:     7   Next: 17%
Magic:  7/7        EV:  8    Int:  8    God:    Trog [***...]
Gold:   275        SH:  0    Dex: 12    Spells: 6/6 levels left

rFire    . . .     SeeInvis .   y - +8 spear "Zobel" {vamp, Str+2}
rCold    . . .     Faith    +   (no shield)
rNeg     . . .     Spirit   .   t - +0 chain mail
rPois    .         Reflect  .   (no helmet)
rElec    .         Harm     .   u - +0 cloak
rCorr    .         Rampage  .   (no gloves)
MR       +....                  (no boots)
Stlth    ..........             i - amulet of faith
HPRegen  0.17/turn              l - ring of protection from magic
MPRegen  0.10/turn              (no ring)

@: berserk cooldown, slowed, very slow
A: iridescent scales 1
a: Berserk, Trog's Hand, Renounce Religion


You were on level 4 of the Dungeon.
You worshipped Trog.
Trog was most pleased with you.
You visited 1 branch of the dungeon, and saw 4 of its levels.

You collected 275 gold pieces.

Inventory:

Hand Weapons
 a - a +0 hand axe
 x - a +2 vorpal flail
 y - the +8 spear "Zobel" (weapon) {vamp, Str+2}
   (You found it on level 4 of the Dungeon)

   It inflicts no extra harm, but heals its wielder when it wounds a living foe.
   It affects your strength (+2).
Armour
 t - a +0 chain mail (worn)
 u - a +0 cloak (worn)
Jewellery
 i - an amulet of faith (around neck)
 l - a ring of protection from magic (left hand)
Scrolls
 d - 2 scrolls of enchant armour {unknown}
 e - 2 scrolls of immolation {unknown}
 f - a scroll of noise {unknown}
 g - 2 scrolls of fear {unknown}
 h - a scroll of fog {unknown}
 j - 2 scrolls of teleportation {unknown}
 k - 5 scrolls of identify
 n - 2 scrolls of magic mapping {unknown}
 r - a scroll of random uselessness {unknown}
 w - a scroll of amnesia {unknown}
Potions
 c - a potion of heal wounds {unknown}
 m - a potion of might {unknown}
 o - a potion of curing
 p - a potion of attraction {unknown}
 q - 3 potions of ambrosia {unknown}
 s - a potion of haste {unknown}
 v - a potion of berserk rage {unknown}


   Skills:
 - Level 3.0 Fighting
 + Level 7.6 Axes
 - Level 1.7 Armour
 - Level 1.7 Dodging


You had 6 spell levels left.
You didn't know any spells.
Your spell library was empty.

Dungeon Overview and Level Annotations

Branches:
Dungeon (4/15)             Temple (0/1) D:4

Altars:
Nemelex Xobeh

Annotations:
D:4 3 runed translucent doors, Finra's ghost, amateur DEIE; Grinder


Innate Abilities, Weirdness & Mutations

You are partially covered in iridescent scales. (AC +2)


Message History

Grinder is severely wounded.
Grinder hits you.
You writhe in agony.
You closely miss Grinder.
Grinder is severely wounded.
Grinder gestures at you. Pain shoots through your body!
* * * LOW HITPOINT WARNING * * *
Grinder drinks a potion.
Grinder is healed!
You barely miss Grinder.
Grinder is heavily wounded.
Grinder hits you but does no damage.
You hit Grinder.
Grinder is heavily wounded.
Grinder gestures at you. You resist with some effort.
You hit Grinder.
Grinder is heavily wounded.
Grinder gestures at you. Pain shoots through your body!
You die...

▒····▒ ▒·····'···
▒····▒ ▒·····▒···
▒····▒ ▒·····▒···
▒▒▒▒····▒▒▒▒·····▒·▒▒
▒···········▒▒▒▒▒▒·▒▒
▒···········▒[·······
▒···········╬·····(··
╬··5········▒········
▒···@·······▒········
▒···········▒········
▒···········▒▒▒▒▒▒╬▒▒
▒············
▒············
╬············
▒············
▒············
▒▒▒▒▒▒▒▒▒▒▒▒▒


You could see Grinder.

Vanquished Creatures
  Edmund (D:4)
  An ice beast (D:4)
  An ogre (D:4)
  A hound (D:4)
  An orc priest (D:3)
  A bullfrog skeleton (D:4)
  An iguana (D:3)
  A worker ant (D:2)
  A hound skeleton (D:4)
  4 gnolls (D:3)
  4 adders
  An ooze (D:1)
  2 adder skeletons (D:4)
  4 worms
  A dart slug (D:2)
  3 leopard geckos
  6 orcs
  2 giant cockroaches
  2 goblins
  3 hobgoblins
  7 kobolds
  2 quokkas (D:3)
  3 ball pythons (D:3)
  6 bats
  5 frilled lizards
  4 rats
68 creatures vanquished.

Notes
Turn   | Place    | Note
-------+----------+-------------------------------------------
     0 | D:1      | Azzok the Demonspawn Berserker began the quest for the Orb.
     0 | D:1      | Reached XP level 1. HP: 18/18 MP: 1/1
   149 | D:1      | Reached skill level 3 in Axes
   329 | D:1      | Gained mutation: You are partially covered in iridescent
                  | scales. (AC +2) [demonic ancestry]
   329 | D:1      | Reached XP level 2. HP: 17/24 MP: 2/2
  1018 | D:2      | Reached skill level 4 in Axes
  1018 | D:2      | Reached XP level 3. HP: 15/29 MP: 3/3
  1313 | D:2      | Reached XP level 4. HP: 28/35 MP: 4/4
  1436 | D:2      | Found a sparkling altar of Nemelex Xobeh.
  1880 | D:3      | Reached ** piety under Trog
  2423 | D:3      | Reached skill level 5 in Axes
  2609 | D:3      | Reached XP level 5. HP: 33/41 MP: 5/5
  3404 | D:4      | Noticed an ogre
  3405 | D:4      | Found a staircase to the Ecumenical Temple.
  3411 | D:4      | Killed an ogre
  3411 | D:4      | Reached skill level 6 in Axes
  3411 | D:4      | Reached XP level 6. HP: 26/47 MP: 6/6
  3805 | D:4      | Noticed Edmund
  3823 | D:4      | Killed Edmund
  3823 | D:4      | Reached skill level 7 in Axes
  3880 | D:4      | Found a runed translucent gate.
  3880 | D:4      | Found a runed translucent gate.
  3880 | D:4      | Found a runed translucent gate.
  3881 | D:4      | Noticed Finra's ghost (amateur DEIE)
  3965 | D:4      | Reached *** piety under Trog
  3978 | D:4      | Got a translucent spear
  3979 | D:4      | Identified the +8 spear "Zobel" {vamp, Str+2} (You found it
                  | on level 4 of the Dungeon)
  4209 | D:4      | Noticed an ice beast
  4221 | D:4      | Killed an ice beast
  4221 | D:4      | Reached XP level 7. HP: 52/52 MP: 7/7
  4226 | D:4      | Noticed Grinder
  4244 | D:4      | Killed from afar by Grinder

Illustrated notes

Levels and vault maps discovered:
D:1:      dpeg_arrival_more_subterranean_lakeside_camping, layout_loops_cross,
          hangedman_abyss_or_decor_lesser_grid, minmay_misc_feat_iff
D:2:      layout_rooms, st_stairs_8, nrook_mini_vaults,
          nemelex_xobeh_ov_fountains_minmay
D:3:      layout_basic
D:4:      layout_gridville, minmay_temple_entry_offerings,
          gammafunk_ghost_necromancy, uniq_edmund, uniq_ijyb, uniq_grinder

Skill      XL: |  1  2  3  4  5  6 |
---------------+-------------------+-----
Axes           | 3 4 5 6 7 |  7.6
Fighting       | |  3.0
Armour         | |  1.7
Dodging        | |  1.7

Action                   |  1- 3 |  4- 6 |  7- 9 || total
-------------------------+-------+-------+-------++-------
Melee: Hand axe          |    95 |    58 |       ||   153
       Trident           |       |    91 |       ||    91
       Spear             |       |    26 |    10 ||    36
       Flail             |       |    10 |       ||    10
Invok: Berserk           |       |     5 |     1 ||     6
  Use: Scroll            |       |     1 |       ||     1
 Stab: Sleeping          |     1 |       |       ||     1
Armor: Animal skin       |    27 |     5 |       ||    32
       Ring mail         |       |     2 |       ||     2
       Chain mail        |       |    65 |     1 ||    66
Dodge: Dodged            |    71 |    92 |       ||   163

Table legend: (Time is in decaauts)
 A = Elapsed time spent in this place.
 B = Non-inter-level travel time spent in this place.
 C = Inter-level travel time spent in this place.
 D = Time resting spent in this place.
 E = Time spent auto-exploring this place.
 F = Levels seen in this place.
 G = Mean time per level.
                   A        B        C        D        E       F      G
               +--------+--------+--------+--------+--------+-----+--------+
         Total |   4312 |   4255 |     57 |    693 |   2920 |   4 | 1078.0 |
       Dungeon |   4312 |   4255 |     57 |    693 |   2920 |   4 | 1078.0 |
               +--------+--------+--------+--------+--------+-----+--------+

Top non-repeatable levels by time:
     D:2: 1278 daAuts
     D:3: 1213 daAuts
     D:1: 915 daAuts
     D:4: 904 daAuts
